 Dungeon Crawl Stone Soup version 0.17-a0-1617-gfba1302 (webtiles) character file.

350 desku the Basher (level 6, -15/51 HPs)
             Began as a Minotaur Berserker on Aug 2, 2015.
             Was a Priest of Trog.
             Demolished by an ogre
             ... wielding a +0 giant club
              (19 damage)
             ... on level 4 of the Dungeon.
             The game lasted 00:06:01 (1618 turns).

desku the Basher (Minotaur Berserker)               Turns: 1618, Time: 00:06:02

Health: -15/51     AC: 11    Str: 22    XL:     6   Next: 34%
Magic:  5/5        EV:  4    Int:  4    God:    Trog [***...]
Gold:   207        SH:  7    Dex: 11    Spells: 0 memorised, 5 levels left

rFire  . . .     SeeInvis .     a - +0 mace
rCold  . . .     Clarity  .     j - +0 plate armour
rNeg   . . .     SustAt   .     h - +0 shield
rPois  .         Gourm    .     (helmet restricted)
rElec  .         Spirit   .     (no cloak)
rCorr  .         Warding  .     (no gloves)
rMut   .         Stasis   .     (no boots)
MR     .....                    (no amulet)
Stlth  ..........               (no ring)
                                (no ring)

@: not resistant to hostile enchantments, extremely unstealthy
A: retaliatory headbutt, horns 2
a: Burn Spellbooks, Berserk, Trog's Hand, Renounce Religion


You were on level 4 of the Dungeon.
You worshipped Trog.
Trog was most pleased with you.
You were hungry.

You visited 1 branch of the dungeon, and saw 4 of its levels.

You collected 207 gold pieces.

Inventory:

Hand weapons
 a - a +0 mace (weapon)
Armour
 b - a +0 animal skin
 e - a +0 buckler
 h - a +0 shield (worn)
 j - a +0 plate armour (worn)
Jewellery
 o - an uncursed ring of fire {unknown}
Magical devices
 q - a wand of random effects (12)
Scrolls
 f - a scroll of enchant weapon {unknown}
 g - 5 scrolls of identify {unknown}
 k - a scroll of fear {unknown}
 l - a scroll of teleportation {unknown}
 m - 3 scrolls of remove curse {unknown}
 r - a scroll of enchant armour {unknown}
 s - a scroll of blinking {unknown}
 w - 6 scrolls of random uselessness {unknown}
Potions
 d - 4 potions of heal wounds {unknown}
 i - a potion of haste {unknown}
 p - 2 potions of degeneration {unknown}
 u - 2 potions of lignification {unknown}
 v - a potion of flight {unknown}
 x - a potion of mutation {unknown}
 z - a potion of curing {unknown}
Comestibles
 c - 3 bread rations
 n - 2 royal jellies
 t - a meat ration
 A - 3 chunks of flesh


   Skills:
 - Level 3.6 Fighting
 + Level 8.7 Maces & Flails
 - Level 2.4 Armour
 - Level 2.1 Dodging


You had 5 spell levels left.
You didn't know any spells.

Dungeon Overview and Level Annotations

Branches:
Dungeon (4/15)
 Temple: D:4-7

Altars:
Zin


Innate Abilities, Weirdness & Mutations

You reflexively headbutt those who attack you in melee.
You have a pair of horns on your head.


Message History

An ogre comes into view. It is wielding a giant club.
You are feeling hungry.
The ogre hits you with a giant club!
* * * LOW HITPOINT WARNING * * *
You completely miss the ogre. The ogre hits you with a giant club.
* * * LOW HITPOINT WARNING * * *
You hit the ogre but do no damage. You headbutt the ogre.
The ogre is lightly wounded.
You hit the ogre.
You headbutt the ogre, but do no damage.
The ogre is moderately wounded.
You block the ogre's attack.
You hit the ogre.
The ogre is heavily wounded.
The ogre hits you with a giant club!
* * * LOW HITPOINT WARNING * * *
You hit the ogre but do no damage. You headbutt the ogre!
The ogre is almost dead.
The ogre hits you with a giant club!!
You die...

##+.#####.# ..#
#..####†####.# .#
##.........#.# .#
#.........#.. .#
#.........# .#.#
##..(......# ...#
#..........# #..######
##.........###........
#............@O......
####.........####.......
.............# .......
###.......[..# .......
#..........# #######
############


You could see an ogre.

Vanquished Creatures
  Duvessa (D:4)
  Dowan (D:4)
  A scorpion (D:4)
  2 worker ants (D:4)
  3 adders
  2 oozes
  3 worms
  2 giant geckos
  2 orcs
  7 bats
  4 hobgoblins
  6 kobolds
  4 giant cockroaches
  5 giant newts
  7 goblins
  6 rats
56 creatures vanquished.

Notes
Turn   | Place    | Note
--------------------------------------------------------------
     0 | D:1      | desku the Minotaur Berserker began the quest for the Orb.
     0 | D:1      | Reached XP level 1. HP: 19/19 MP: 0/0
    74 | D:1      | Reached skill level 4 in Maces & Flails
    98 | D:1      | Reached XP level 2. HP: 20/26 MP: 1/1
   239 | D:1      | Acquired Trog's second power
   373 | D:1      | Reached skill level 5 in Maces & Flails
   424 | D:2      | Reached XP level 3. HP: 26/31 MP: 2/2
  1067 | D:3      | Reached XP level 4. HP: 39/39 MP: 3/3
  1210 | D:3      | Reached skill level 6 in Maces & Flails
  1244 | D:3      | Found a glowing silver altar of Zin.
  1402 | D:4      | Noticed Duvessa
  1402 | D:4      | Noticed Dowan
  1416 | D:4      | Killed Duvessa
  1416 | D:4      | Reached skill level 7 in Maces & Flails
  1416 | D:4      | Reached XP level 5. HP: 45/45 MP: 4/4
  1422 | D:4      | Killed Dowan
  1422 | D:4      | Reached skill level 8 in Maces & Flails
  1445 | D:4      | Reached XP level 6. HP: 34/51 MP: 5/5
  1610 | D:4      | Noticed an ogre
  1618 | D:4      | Demolished by an ogre

Vault maps used:
D:1:      eino_arrival_water_cross, minivault_27
D:2:      first_bread, minivault_25
D:3:      nicolae_overflow_crystal_walls
D:4:      ashenzari_altar_1, gup_sewer_entry_bowl, serial_shops,
          nicolae_shop_waterfront, minmay_crystal_water, uniq_duvessa

Action                   |  1- 3 |  4- 6 || total
-------------------------+-------+-------++-------
Melee: Mace              |    82 |    74 ||   156
Invok: Berserk           |       |     1 ||     1
  Eat: Chunk             |       |     3 ||     3
